 Dungeon Crawl Stone Soup version 0.17-a0-435-gc4df345 (webtiles) character file.

153 Hanyuu the Digger (level 5, -2/30 HPs)
             Began as a Gargoyle Earth Elementalist on Apr 4, 2015.
             Killed by divine providence
             ... invoked by an orc priest
              (11 damage)
             ... on level 3 of the Dungeon.
             The game lasted 00:08:33 (2121 turns).

Hanyuu the Digger (Gargoyle Earth Elementalist)     Turns: 2121, Time: 00:08:33

Health: -2/30      AC:  8    Str: 12    XL:     5   Next: 35%
Magic:  9/9        EV: 12    Int: 16    God:
Gold:   95         SH:  0    Dex: 10    Spells: 1 memorised, 9 levels left

rFire  . . .     SeeInvis .     m - +0 dagger (venom)
rCold  . . .     Clarity  .     c - +0 robe
rNeg   + . .     SustAb   .     (no shield)
rPois  ∞         Gourm    .     f - +0 helmet
rElec  +         Spirit   .     (no cloak)
rCorr  .         Warding  .     h - +0 pair of gloves
rMut   .         Stasis   .     (no boots)
MR     .....                    (no amulet)
Stlth  ++........               (no ring)
                                (no ring)

@: not resistant to hostile enchantments, unstealthy
A: negative energy resistance 1, electricity resistance, unbreathing,
petrification resistance, rot immunity, AC +4
a: no special abilities


You were on level 3 of the Dungeon.
You were not hungry.

You visited 1 branch of the dungeon, and saw 3 of its levels.

You collected 95 gold pieces.

Inventory:

Hand weapons
 e - a +0 whip
 m - a +0 dagger of venom (weapon)
 x - a +0 mace
Missiles
 b - 48 stones (quivered)
 t - 2 needles of sleeping
Armour
 c - a +0 robe (worn)
 f - a +0 helmet (worn)
 h - a +0 pair of gloves (worn)
 o - a +0 leather armour
 p - a +0 plate armour
 A - a +1 ring mail of fire resistance
Rods
 q - a -2 rod of shadows (12/12)
   (You found it on level 2 of the Dungeon)
Magical devices
 y - a wand of slowing (16)
Scrolls
 j - a scroll of remove curse {unknown}
 l - a scroll of identify {unknown}
 n - a scroll of teleportation {unknown}
 s - a scroll of random uselessness {unknown}
 v - 2 scrolls of fear {unknown}
Potions
 g - a potion of resistance {unknown}
 i - a potion of magic {unknown}
 k - a potion of lignification {unknown}
 r - a potion of invisibility
 u - a potion of cure mutation {unknown}
Books
 d - a book of Geomancy

   Spells                             Type                      Level
   a - Sandblast                      Earth                        1
   b - Stoneskin                      Transmutation/Earth          2
   c - Passwall                       Transmutation/Earth          3
   d - Stone Arrow                    Conjuration/Earth            3
   e - Petrify                        Transmutation/Earth          4
   f - Lee's Rapid Deconstruction     Earth                        5
Comestibles
 a - a bread ration
 w - a meat ration
 z - a chunk of flesh


   Skills:
 + Level 2.1 Fighting
 * Level 3.0 Maces & Flails
 + Level 0.0 Armour
 - Level 1.5 Dodging
 - Level 2.1 Stealth
 + Level 3.0 Spellcasting
   Level 0.7 Transmutations
 - Level 4.0 Earth Magic


You had 9 spell levels left.
You knew the following spells:

 Your Spells              Type           Power        Failure   Level  Hunger
a - Sandblast             Erth           ###...       4%          1    #......


Dungeon Overview and Level Annotations

Branches:
Dungeon (3/15)

Altars:
Cheibriados
Dithmenos
Gozag
Kikubaaqudgha
Okawaru


Innate Abilities, Weirdness & Mutations

You are resistant to torment.
Your stone body is resilient (AC +4).
You are immune to poison.
You resist negative energy.
You are resistant to electric shocks.
You can survive without breathing.
You are immune to petrification.
You are immune to rotting.


Message History

You hit the orc.
The orc is poisoned.
The orc is moderately wounded.
You hit the orc.
The orc is poisoned.
The orc is heavily wounded.
The orc priest glows brightly for a moment.
You kill the orc!
There is an open door here.
The orc misses you.
You closely miss the orc.
You hear the brisk rusting of a very distant drain.
The orc hits you but does no damage.
You barely miss the orc. The orc misses you.
The orc priest calls down the wrath of Beogh upon you.
Something smites you!
Ouch! That really hurt!
* * * LOW HITPOINT WARNING * * *
You kill the orc!
The orc priest calls down the wrath of Beogh upon you.
Something smites you!
You die...

##### #...# #...# #...#
#...# #...#
##########...#############
......).o@...'............
.....oo###...#############
..... ###.# .... #.# ##.
#.# # #.# #+#


You could see an orc priest and 2 orcs.

Vanquished Creatures
  An orc priest (D:3)
  Natasha (D:3)
  An orc wizard (D:3)
  2 adders (D:2)
  3 giant geckos
  2 oozes
  8 orcs
  4 hobgoblins
  10 kobolds
  7 bats (D:1)
  4 giant newts
  6 goblins
  2 rats
51 creatures vanquished.

Vanquished Creatures (collateral kills)
  A giant cockroach (D:2)
1 creature vanquished.

Grand Total: 52 creatures vanquished

Notes
Turn   | Place    | Note
--------------------------------------------------------------
     0 | D:1      | Hanyuu, the Gargoyle Earth Elementalist, began the quest for the Orb.
     0 | D:1      | Reached XP level 1. HP: 10/10 MP: 3/3
   299 | D:1      | Reached skill level 4 in Earth Magic
   299 | D:1      | Reached XP level 2. HP: 12/15 MP: 5/5
   397 | D:1      | Reached skill level 1 in Maces & Flails
   741 | D:1      | Reached XP level 3. HP: 20/20 MP: 6/6
  1065 | D:2      | Identified a -2 rod of shadows (12/12) (You found it on level 2 of the Dungeon)
  1092 | D:2      | Found an ancient bone altar of Kikubaaqudgha.
  1093 | D:2      | Found an iron altar of Okawaru.
  1324 | D:2      | Found an opulent altar of Gozag.
  1324 | D:2      | Found a shadowy altar of Dithmenos.
  1347 | D:2      | Reached skill level 1 in Fighting
  1483 | D:2      | Found a snail-covered altar of Cheibriados.
  1514 | D:2      | Reached XP level 4. HP: 11/25 MP: 7/7
  1763 | D:3      | Noticed Natasha
  1772 | D:3      | HP: 1/25 [Natasha (3)]
  1774 | D:3      | Killed Natasha
  1958 | D:3      | Reached XP level 5. HP: 16/30 MP: 9/9
  2121 | D:3      | Killed from afar by an orc priest

Action                   |  1- 3 |  4- 6 || total
-------------------------+-------+-------++-------
Melee: Whip              |    54 |       ||    54
       Dagger            |    50 |    55 ||   105
 Cast: Sandblast         |     1 |       ||     1
Evoke: Rod               |     1 |       ||     1
  Use: Potion            |       |     1 ||     1
 Stab: Sleeping          |     1 |     1 ||     2
  Eat: Chunk             |     2 |     3 ||     5
